[Event "Late-Titled-Tuesday-Blitz-January-23-2024"]
[Site "Chess.com"]
[Date "2024.01.23"]
[Round "9"]
[White "ATM622"]
[Black "Nouali_Mohamed"]
[Result "1-0"]
[WhiteElo "2482"]
[BlackElo "2538"]
[TimeControl "180+1"]
[EndTime "15:38:42 PST"]
[Termination "ATM622 won by resignation"]

1. d4 Nf6 2. c4 g6 3. g3 Bg7 4. Bg2 O-O 5. Nf3 d6 6. O-O c5 7. Nc3 cxd4 8. Nxd4 Nc6 9. Nxc6 bxc6 10. Bxc6 Bh3 11.
Bg2 Bxg2 12. Kxg2 Rc8 13. Qd3 Nd7 14. b3 d5 15. Bb2 dxc4 16. bxc4 Qb6 17. Qxd7 Qxb2 18.
Nd5 Rc7 19. Qxc7 1-0

[Event "Late-Titled-Tuesday-Blitz-January-23-2024"]
[Site "Chess.com"]
[Date "2024.01.23"]
[Round "9"]
[White "ClayK1ng"]
[Black "Nf3c5"]
[Result "1-0"]
[WhiteElo "2260"]
[BlackElo "2504"]
[TimeControl "180+1"]
[EndTime "15:39:17 PST"]
[Termination "ClayK1ng won by resignation"]

1. e4 c5 2. Nc3 a6 3. d4 cxd4 4.
Qxd4 Nc6 5. Qd2 g6 6. b3 Bg7 7. Bb2 Nf6 8. O-O-O O-O 9. f3 b5 10. Kb1 Bb7 11. Nge2 b4 12. Nd5 Nxd5 13. exd5 Na7 14.
Bxg7 Kxg7 15. h4 h5 16. Qxb4 Rb8 17. Qd4+ Kg8 18. Qxa7 Qa5 19. Qd4 Rfc8 20. Nf4 Rxc2 21.
Kxc2 Qxa2+ 22. Qb2 Rc8+ 23. Bc4 Rxc4+ 24. bxc4 Qxc4+ 25. Kb1 Qc7 26. Rc1 Qxf4 27. Qxb7 1-0

[Event "Late-Titled-Tuesday-Blitz-January-23-2024"]
[Site "Chess.com"]
[Date "2024.01.23"]
[Round "9"]
[White "almaguerjm"]
[Black "Flameboard08"]
[Result "0-1"]
[WhiteElo "2472"]
[BlackElo "2565"]
[TimeControl "180+1"]
[EndTime "15:39:21 PST"]
[Termination "Flameboard08 won by resignation"]

1. e4 b6 2. d4 Bb7 3. Nd2 e6 4. Bd3 c5 5. c3 cxd4 6. cxd4 Nc6 7. Ne2 Nb4 8. Bb1 Ba6 9. Nf3 Rc8 10.
Bg5 Be7 11. Bxe7 Nxe7 12. a3 Bxe2 13. Kxe2 Nbc6 14. d5 exd5 15. exd5 Na5 16. Qd3 Ng6 17. Re1 O-O 18. Kf1 Qf6 19. Ne5 Rfe8 20. Nxg6 Rxe1+ 21. Kxe1 Rc1+ 22. Ke2 Qxb2+ 23. Kf3 Rc3 0-1

[Event "Late-Titled-Tuesday-Blitz-January-23-2024"]
[Site "Chess.com"]
[Date "2024.01.23"]
[Round "9"]
[White "ITheOnlyME"]
[Black "TheoSlade"]
[Result "1-0"]
[WhiteElo "2399"]
[BlackElo "2461"]
[TimeControl "180+1"]
[EndTime "15:39:22 PST"]
[Termination "ITheOnlyME won by resignation"]

1. d4 d5 2. Bf4 Nf6 3. e3 c5 4.
dxc5 Nc6 5. Bb5 Qa5+ 6. Nc3 e6 7. a3 Ne4 8. Ne2 a6 9. Bxc6+ bxc6 10. b4 Qd8 11. Nxe4 dxe4 12. Qxd8+ Kxd8 13. O-O-O+ Ke8 14. Nc3 f6 15. Bd6 f5 16. Na4 Bb7 17. Bc7 Rc8 18.
Be5 Rg8 19. Nb6 Rd8 20. Rxd8+ Kxd8 21. Rd1+ Ke8 22. Rd7 Bc8 23. Rc7 Kd8 24. Rxc8+ Ke7 25. Bd6+ Kf7 26. Bxf8 Rxf8 27. Rxf8+ Kxf8 28. Nd7+ 1-0

[Event "Late-Titled-Tuesday-Blitz-January-23-2024"]
[Site "Chess.com"]
[Date "2024.01.23"]
[Round "9"]
[White "ChEsper99"]
[Black "BeardedNM"]
[Result "1-0"]
[WhiteElo "2115"]
[BlackElo "2197"]
[TimeControl "180+1"]
[EndTime "15:39:31 PST"]
[Termination "ChEsper99 won by resignation"]

1. d4 e6 2. Bf4 Nf6 3. Nf3 c5 4. c3 b6 5. e3 Bb7 6. Nbd2 Be7 7.
Bd3 Nh5 8. Be5 d6 9. Bg3 O-O 10. Qc2 g6 11. O-O Nxg3 12. hxg3 cxd4 13. exd4 a6 14. Be4 Bxe4 15. Nxe4 d5 16. Ned2 b5 17. Ne5 Qc7 18. a4 b4 19. Rfc1 Rc8 20. Qb3 bxc3 21. Rxc3 Qd8 22. Rac1 Nd7 23. Nc6 Qe8 24. Nxe7+ Qxe7 25. Rxc8+ 1-0

[Event "Late-Titled-Tuesday-Blitz-January-23-2024"]
[Site "Chess.com"]
[Date "2024.01.23"]
[Round "9"]
[White "Maxfan2008"]
[Black "Mikhal867"]
[Result "0-1"]
[WhiteElo "2490"]
[BlackElo "2430"]
[TimeControl "180+1"]
[EndTime "15:39:50 PST"]
[Termination "Mikhal867 won by resignation"]

1. d4 Nf6 2. c4 g6 3. Nc3 Bg7 4. e4 O-O 5. Be2 d6 6. Bg5 Na6 7. Qd2 e5 8. d5 c6 9. dxc6 bxc6 10. O-O-O Be6 11. Qxd6 Qa5 12. Qxc6 Nb4 13. Qa4 Qxa4 14. Nxa4 Nxe4 15. Be3 Nxa2+ 16. Kb1 Nb4 17. Nc5 Nxc5 18.
Bxc5 Bf5+ 19. Ka1 Nc2+ 20. Ka2 Rfc8 21. Be3 Rc6 22. Bd3 Bxd3 23. Rxd3 Nb4+ 0-1

[Event "Late-Titled-Tuesday-Blitz-January-23-2024"]
[Site "Chess.com"]
[Date "2024.01.23"]
[Round "9"]
[White "BardArtem"]
[Black "ChessSwole"]
[Result "1-0"]
[WhiteElo "2797"]
[BlackElo "2619"]
[TimeControl "180+1"]
[EndTime "15:39:55 PST"]
[Termination "BardArtem won by resignation"]

1. e4 c5 2. Nf3 Nc6 3. c3 Nf6 4.
e5 Nd5 5. Bc4 Nb6 6. Bb3 d5 7.
exd6 c4 8. Bc2 Qxd6 9. O-O Bg4 10. h3 Bh5 11. b3 O-O-O 12. Na3 Ne5 13. g4 Nxf3+ 14. Qxf3 Bg6 15. bxc4 Bxc2 16. Nxc2 f6 17. Ne3 h5 18. d4 hxg4 19. Qxg4+ e6 20. c5 Qc6 21.
cxb6 axb6 22. d5 Qc5 23. Qxe6+ Kb8 24. Nf5 Rxd5 25. Bf4+ Ka7 26. Qe8 Bd6 27. Bxd6 Rxe8 28. Bxc5 Rxc5 29. Nd6 Rh8 30. Kg2 Rxc3 31. Nb5+ 1-0

[Event "Late-Titled-Tuesday-Blitz-January-23-2024"]
[Site "Chess.com"]
[Date "2024.01.23"]
[Round "9"]
[White "Qvalda"]
[Black "Felix-Rose"]
[Result "1-0"]
[WhiteElo "2441"]
[BlackElo "2329"]
[TimeControl "180+1"]
[EndTime "15:40:06 PST"]
[Termination "Qvalda won by checkmate"]

1. Nf3 d5 2. g3 Nf6 3. Bg2 e6 4. O-O Be7 5. c4 dxc4 6. Na3 c5 7. Nxc4 Nc6 8. b3 O-O 9. Bb2 Bd7 10. Rc1 Rc8 11.
Nce5 Nxe5 12. Nxe5 Qa5 13. Nxd7 Nxd7 14. Bxb7 Rc7 15. Bf3 Qxa2 16. Qc2 Qa5 17. Ra1 Qb6 18. Bc3 Rcc8 19. Ra2 Bf6 20. Rfa1 Bxc3 21. Qxc3 Rc7 22.
Ra6 Qb8 23. R1a4 Rd8 24. Rg4 g6 25. h4 h5 26. Rg5 Kf8 27. Bc6 Qb4 28. Qh8+ Ke7 29.
Qg7 Nb8 30. Ra4 Qxb3 31. Rf4 Rxc6 32. Rxf7+ Kd6 33. Qe5# 1-0

[Event "Late-Titled-Tuesday-Blitz-January-23-2024"]
[Site "Chess.com"]
[Date "2024.01.23"]
[Round "9"]
[White "The_Machine04"]
[Black "ValeriyGrinev"]
[Result "1-0"]
[WhiteElo "2723"]
[BlackElo "2546"]
[TimeControl "180+1"]
[EndTime "15:40:14 PST"]
[Termination "The_Machine04 won by resignation"]

1. d4 c5 2. e3 Nf6 3. Nf3 cxd4 4. exd4 g6 5. c3 Bg7 6. Nbd2 O-O 7. Bd3 d5 8. O-O Nc6 9. Re1 Bg4 10. h3 Bxf3 11.
Nxf3 e6 12. Bg5 Qb6 13. Qe2 Rac8 14. h4 h5 15. Ne5 Nxe5 16. dxe5 Ng4 17. Bf4 d4 18. c4 Rfd8 19. Rad1 Qa5 20. a3 Qb6 21. b4 a5 22. c5 Qc7 23. f3 Ne3 24. Bxe3 dxe3 25.
Qxe3 axb4 26. axb4 Rd5 27. f4 Rcd8 28. Be2 Bh6 29.
Bf3 Rxd1 30. Rxd1 Rxd1+ 31. Bxd1 Qd7 32. Bf3 Qa4 33. Qd4 Qa3 34. Kh2 Qc1 35. g3 Qc2+ 36.
Kh3 Qf5+ 37. Kg2 Qc2+ 38. Qf2 Qf5 39. Bxb7 Qc2 40. Qxc2 1-0

[Event "Late-Titled-Tuesday-Blitz-January-23-2024"]
[Site "Chess.com"]
[Date "2024.01.23"]
[Round "9"]
[White "toninhojit"]
[Black "vugarrasulov"]
[Result "0-1"]
[WhiteElo "2529"]
[BlackElo "2944"]
[TimeControl "180+1"]
[EndTime "15:40:18 PST"]
[Termination "vugarrasulov won by resignation"]

1. d4 Nf6 2. c4 e6 3. Nf3 c5 4.
d5 d6 5. Nc3 exd5 6. cxd5 g6 7.
h3 Bg7 8. Bf4 O-O 9. e3 Na6 10.
Be2 Nc7 11. O-O Re8 12. a4 Ne4 13. Nxe4 Rxe4 14. Nd2 Rxf4 15. exf4 Nxd5 16. Ne4 Nxf4 17. Bf3 Bxb2 18. Qd2 Bxa1 19. Rxa1 d5 20. Nxc5 Qg5 21. Rd1 Nxh3+ 22. Kh2 Qxd2 23. Rxd2 Nf4 24. Bxd5 Nxd5 25. Rxd5 b6 26. Rd8+ Kg7 27. Nd3 Bb7 28. Rd7 Bc6 29.
Rc7 Bxa4 30. Ne5 Bb3 31. Rc3 Be6 32. Rc7 a5 33. Nf3 a4 34. Ng5 Kg8 35. Ne4 a3 0-1

[Event "Late-Titled-Tuesday-Blitz-January-23-2024"]
[Site "Chess.com"]
[Date "2024.01.23"]
[Round "9"]
[White "subham777"]
[Black "Revan_2002"]
[Result "0-1"]
[WhiteElo "2530"]
[BlackElo "2475"]
[TimeControl "180+1"]
[EndTime "15:40:39 PST"]
[Termination "Revan_2002 won by resignation"]

1. e4 c5 2. Nf3 e6 3. g3 Nc6 4. Bg2 g6 5. O-O Bg7 6. c3 Nge7 7. d4 cxd4 8. cxd4 d5 9. exd5 Nxd5 10. Nc3 O-O 11.
Re1 Nce7 12. Ne5 b6 13. Qb3 Bb7 14. Bd2 Rc8 15. Rad1 Nf5 16. Nxd5 Bxd5 17. Bxd5 Qxd5 18. Qxd5 exd5 19. Bc3 Rfe8 20. Kg2 Nd6 21. f3 f6 22. Nd3 Nf5 23. Nf4 Ne3+ 24. Rxe3 Rxe3 25. Nxd5 Re2+ 26.
Kg1 Kf7 27. h4 Bh6 28. Kf1 Rh2 29. Kg1 Rc2 30. Nb4 Be3+ 31. Kh1 Rc1 32. Rxc1 Bxc1 33. Kg2 a5 34. Nd5 Bxb2 35. Be1 Rc2+ 36. Kh3 Bxd4 37. a4 Ra2 38. Bd2 Rxd2 0-1

[Event "Late-Titled-Tuesday-Blitz-January-23-2024"]
[Site "Chess.com"]
[Date "2024.01.23"]
[Round "9"]
[White "Byniolus"]
[Black "sergoy"]
[Result "0-1"]
[WhiteElo "2847"]
[BlackElo "3031"]
[TimeControl "180+1"]
[EndTime "15:40:44 PST"]
[Termination "sergoy won by checkmate"]

1. d4 d6 2. Nf3 Nf6 3. Bf4 g6 4.
e3 Bg7 5. Be2 O-O 6. h3 Nfd7 7. O-O e5 8. Bh2 Nc6 9. c4 f5 10. Nc3 e4 11. Nd2 Nf6 12. a3 g5 13. b4 f4 14. b5 Ne7 15. exf4 gxf4 16.
Bxf4 Nf5 17. Nb3 Qe8 18. Kh1 Qg6 19. Rg1 Be6 20. Rc1 Rae8 21. c5 e3 22. fxe3 Ng3+ 23. Kh2 Nfh5 24. Bxh5 Nxh5 25. cxd6 cxd6 26. d5 Bd7 27.
Nd4 Rxe3 28. Bxe3 Qg3+ 29. Kh1 Be5 30. Nf3 Qh2+ 31. Nxh2 Ng3# 0-1

[Event "Late-Titled-Tuesday-Blitz-January-23-2024"]
[Site "Chess.com"]
[Date "2024.01.23"]
[Round "9"]
[White "jefferyx"]
[Black "angelgab3"]
[Result "1-0"]
[WhiteElo "2978"]
[BlackElo "2691"]
[TimeControl "180+1"]
[EndTime "15:40:49 PST"]
[Termination "jefferyx won by resignation"]

1. d4 Nf6 2. c4 e6 3. Nc3 d5 4.
Bg5 a6 5. cxd5 exd5 6. Bxf6 gxf6 7. e3 Be6 8. Bd3 b5 9. Nge2 Bd6 10. Ng3 Nd7 11.
e4 dxe4 12. Bxe4 Qe7 13. O-O Rd8 14. d5 Bxg3 15. dxe6 Nc5 16. exf7+ Kf8 17. Qf3 Be5 18. Bd5 c6 19. Bxc6 Rd3 20. Qf5 Bxh2+ 21. Kxh2 Qd6+ 22. Kg1 Qxc6 23. Rad1 Rxd1 24. Rxd1 Kxf7 25. b4 Rg8 26. g3 Ne6 27. Ne4 Rg6 28. Rd6 Qc1+ 29. Kg2 Nf4+ 30. Kf3 Qh1+ 31. Kxf4 Qh6+ 32. Kf3 Qh1+ 33. Ke2 1-0

[Event "Late-Titled-Tuesday-Blitz-January-23-2024"]
[Site "Chess.com"]
[Date "2024.01.23"]
[Round "9"]
[White "annasargsyan_m"]
[Black "Eloist"]
[Result "1-0"]
[WhiteElo "2538"]
[BlackElo "2434"]
[TimeControl "180+1"]
[EndTime "15:40:50 PST"]
[Termination "annasargsyan_m won on time"]

1. d4 e6 2. c4 Nf6 3. Nf3 b6 4. g3 Bb7 5. Bg2 Be7 6. Nc3 O-O 7.
d5 Bb4 8. O-O Bxc3 9. bxc3 exd5 10. Nh4 c6 11. cxd5 Nxd5 12. c4 Qf6 13. Ba3 Nc3 14. Qc2 Re8 15. e3 b5 16. Rac1 a5 17. cxb5 Nxb5 18. Bb2 Qe6 19. Nf5 f6 20. Rfd1 d5 21.
Bh3 Qe4 22. Qe2 a4 23. Qh5 g6 24. Qh6 gxf5 25. Qxf6 d4 26. Bxf5 Qe5 27. Qg5+ Qg7 28. Qh5 Rf8 29. Bxd4 Nxd4 30. Rxd4 Kh8 31. Rg4 Qf7 32.
Qh6 1-0

[Event "Late-Titled-Tuesday-Blitz-January-23-2024"]
[Site "Chess.com"]
[Date "2024.01.23"]
[Round "9"]
[White "DonJuan_34"]
[Black "j_coca"]
[Result "0-1"]
[WhiteElo "2393"]
[BlackElo "2526"]
[TimeControl "180+1"]
[EndTime "15:40:50 PST"]
[Termination "j_coca won by resignation"]

1. d4 g6 2. c4 Bg7 3. Nc3 d6 4. e4 Nc6 5. Be3 Nh6 6. Be2 O-O 7. Nf3 Ng4 8. Bc1 a6 9. O-O Kh8 10. d5 Nb8 11. Nd4 Nf6 12. f4 Ng8 13. Nf3 Nd7 14. Be3 e5 15. f5 gxf5 16. exf5 Ndf6 17. Ng5 h6 18. Nge4 Nh7 19. Qd2 Bd7 20. Rf2 f6 21. Raf1 Ne7 22. Bxh6 Bxh6 23. Qxh6 Rf7 24. Bh5 Qf8 25.
Qe3 Rg7 26. Ne2 Ng5 27. Nxg5 Rxg5 28. Ng3 Qh6 29. Be2 Rag8 30. Ne4 Rxg2+ 31. Rxg2 Qxe3+ 32. Kh1 Rxg2 33. Kxg2 Qxe2+ 34. Nf2 Nxf5 0-1

[Event "Late-Titled-Tuesday-Blitz-January-23-2024"]
[Site "Chess.com"]
[Date "2024.01.23"]
[Round "9"]
[White "only_strong_moves"]
[Black "reevecanada"]
[Result "0-1"]
[WhiteElo "2531"]
[BlackElo "2643"]
[TimeControl "180+1"]
[EndTime "15:40:53 PST"]
[Termination "reevecanada won by resignation"]

1. e4 c5 2. Nf3 d6 3. d4 cxd4 4. Nxd4 Nf6 5. Nc3 a6 6. Bg5 Nbd7 7. Qd2 b5 8. a3 Bb7 9. f3 Qc7 10. Be2 h6 11. Be3 e6 12. O-O Be7 13. Kh1 O-O 14. Rae1 d5 15. Bd3 dxe4 16. Nxe4 Bxe4 17. fxe4 Ng4 18.
Bf4 Bd6 19. Bxd6 Qxd6 20. e5 Ndxe5 21. Nxb5 Qb8 22. Nd6 Rd8 23. Rd1 Rxd6 24. Bh7+ Kxh7 25. Qxd6 Ne3 26. Rfe1 Nxd1 27. Qxd1 Qxb2 28. Qe2 Rd8 29. Qe4+ f5 30. h3 fxe4 0-1

[Event "Late-Titled-Tuesday-Blitz-January-23-2024"]
[Site "Chess.com"]
[Date "2024.01.23"]
[Round "9"]
[White "mfwagnerpeixoto"]
[Black "ritanovikova"]
[Result "0-1"]
[WhiteElo "2311"]
[BlackElo "2200"]
[TimeControl "180+1"]
[EndTime "15:40:53 PST"]
[Termination "ritanovikova won by checkmate"]

1. e4 d5 2. exd5 Qxd5 3. Nc3 Qd6 4. Nb5 Qd8 5. c4 a6 6. Nc3 Nf6 7. d4 Bg4 8. f3 Bf5 9. Nge2 e6 10. Ng3 Bg6 11. h4 h6 12. h5 Bh7 13. c5 Nc6 14. Be3 Nd5 15. Nxd5 Qxd5 16. Rc1 O-O-O 17. Bc4 Qd7 18.
Ne2 Ne7 19. Qb3 Nd5 20. Bf2 c6 21. Nc3 Nxc3 22. bxc3 e5 23. Bxf7 Kb8 24. Bg3 Ka8 25.
Bxe5 Bxc5 26. Be6 Qe7 27. dxc5 Bf5 28. Bxf5 Qxe5+ 29. Be4 Qg3+ 30. Ke2 Qxg2+ 31. Ke1 Qxh1+ 32. Kf2 Qxc1 33. Qb6 Rd2+ 34. Kg3 Qg1+ 35. Kf4 Qg5# 0-1

[Event "Late-Titled-Tuesday-Blitz-January-23-2024"]
[Site "Chess.com"]
[Date "2024.01.23"]
[Round "9"]
[White "jjbolanos"]
[Black "Piotrek1979"]
[Result "0-1"]
[WhiteElo "2165"]
[BlackElo "2398"]
[TimeControl "180+1"]
[EndTime "15:40:56 PST"]
[Termination "Piotrek1979 won by resignation"]

1. e4 c5 2. c3 Nf6 3. e5 Nd5 4. d4 cxd4 5. cxd4 e6 6. Nf3 b6 7. Bc4 Ba6 8. Bxd5 exd5 9. Nc3 Bb4 10. Qb3 Nc6 11. Qxd5 O-O 12. Bg5 Qc7 13. Rc1 Kh8 14. a3 Bxc3+ 15. Rxc3 f6 16. exf6 Rae8+ 17. Be3 Rxf6 18.
b4 Nxb4 19. Rxc7 Nxd5 20. Rxa7 Nxe3 21. fxe3 Rxe3+ 22. Kf2 Re2+ 23. Kf1 Bd3 24. Kg1 h6 25. Rxd7 Re1+ 26. Kf2 Rxh1 27. Ke3 Bb5 28. d5 Bxd7 0-1

[Event "Late-Titled-Tuesday-Blitz-January-23-2024"]
[Site "Chess.com"]
[Date "2024.01.23"]
[Round "9"]
[White "Firouzja2003"]
[Black "ChristopherYoo"]
[Result "1-0"]
[WhiteElo "3151"]
[BlackElo "2988"]
[TimeControl "180+1"]
[EndTime "15:41:00 PST"]
[Termination "Firouzja2003 won on time"]

1. Nf3 c5 2. g3 Nc6 3. Bg2 g6 4. O-O Bg7 5. e4 e5 6. c3 Nge7 7.
d3 O-O 8. Re1 d6 9. a3 a5 10. a4 Be6 11. Na3 h6 12. Be3 b6 13.
d4 exd4 14. cxd4 Bg4 15. Nb5 d5 16. dxc5 d4 17. Bf4 bxc5 18. Rc1 g5 19. Bd6 Qd7 20. Rxc5 Rfd8 21. Qd2 Ng6 22. e5 Rac8 23. Nbxd4 Nxd4 24.
Qxd4 Bxf3 25. Bxf3 Nxe5 26. Rcxe5 Bxe5 27. Rxe5 Rc1+ 28. Kg2 g4 29. Be4 Qxd6 30. Rd5 1-0

[Event "Late-Titled-Tuesday-Blitz-January-23-2024"]
[Site "Chess.com"]
[Date "2024.01.23"]
[Round "9"]
[White "Roedor"]
[Black "thesupera12"]
[Result "0-1"]
[WhiteElo "2332"]
[BlackElo "2512"]
[TimeControl "180+1"]
[EndTime "15:41:03 PST"]
[Termination "thesupera12 won by resignation"]

1. c4 b6 2. d4 Bb7 3. Nc3 Nf6 4. d5 e6 5. a3 Be7 6. g3 O-O 7. Bg2 exd5 8. cxd5 a5 9. Nf3 Bc5 10. O-O Re8 11.
Rb1 Na6 12. Qc2 Qe7 13. Ng5 Rab8 14. Nce4 Nxe4 15. Bxe4 h6 16. Bh7+ Kh8 17. Nh3 Bxd5 18. Nf4 Be4 19. Bxe4 Qxe4 20. Qb3 Qxb1 21. Qxf7 Rf8 22.
Ng6+ Kh7 23. Nxf8+ Rxf8 24. Qc4 Nb8 25. Bxh6 Bxf2+ 26. Kg2 Qg6 27. Bf4 Bc5 28. b4 axb4 29. axb4 Bd6 30.
Bxd6 Rxf1 31. Kxf1 Qxd6 32. Qh4+ Kg8 33. Qd8+ Qf8+ 34.
Qxf8+ Kxf8 0-1

[Event "Late-Titled-Tuesday-Blitz-January-23-2024"]
[Site "Chess.com"]
[Date "2024.01.23"]
[Round "9"]
[White "PNEPaul"]
[Black "TV27"]
[Result "1/2-1/2"]
[WhiteElo "1927"]
[BlackElo "2172"]
[TimeControl "180+1"]
[EndTime "15:41:08 PST"]
[Termination "Game drawn by agreement"]

1. e4 c5 2. Nf3 Nc6 3. d4 cxd4 4.
c3 Nf6 5. e5 Nd5 6. cxd4 d6 7.
Bc4 dxe5 8. dxe5 Be6 9. O-O Nc7 10. Qxd8+ Rxd8 11. Bxe6 Nxe6 12. Nc3 g6 13. Re1 Bg7 14.
h3 O-O 15. Be3 Nb4 16. Rad1 Nc2 17. Rxd8 Rxd8 18. Re2 Nxe3 19. Rxe3 a6 20. Ne4 h6 21.
Rb3 Nd4 22. Rxb7 Nxf3+ 23. gxf3 Bxe5 24. Rxe7 Bxb2 25. Ra7 f5 26. Nc5 Bd4 27. Ne6 Bxa7 28. Nxd8 Bd4 29. Nc6 Bc3 30. Kf1 Kf7 31. Ke2 1/2-1/2

[Event "Late-Titled-Tuesday-Blitz-January-23-2024"]
[Site "Chess.com"]
[Date "2024.01.23"]
[Round "9"]
[White "Doomfist26"]
[Black "krzyzan94"]
[Result "1-0"]
[WhiteElo "2635"]
[BlackElo "2763"]
[TimeControl "180+1"]
[EndTime "15:41:09 PST"]
[Termination "Doomfist26 won on time"]

1. e4 c5 2. Nf3 d6 3. d4 cxd4 4. Nxd4 Nf6 5. Nc3 a6 6. Bd3 g6 7. f3 Bg7 8. Be3 Nc6 9. Qd2 Bd7 10. O-O-O Rc8 11. g4 b5 12. h4 b4 13. Nce2 Ne5 14.
h5 Nc4 15. Bxc4 Rxc4 16. hxg6 fxg6 17. e5 Nd5 18. exd6 e5 19. Nf5 Bxf5 20. gxf5 Nxe3 21. Qxe3 O-O 22. Qb3 Qg5+ 23. f4 Qxf5 24. Qxc4+ Kh8 25. d7 Bf6 26. Kb1 exf4 27. Nxf4 1-0

[Event "Late-Titled-Tuesday-Blitz-January-23-2024"]
[Site "Chess.com"]
[Date "2024.01.23"]
[Round "9"]
[White "ninguno46"]
[Black "otrov-11"]
[Result "0-1"]
[WhiteElo "2570"]
[BlackElo "2498"]
[TimeControl "180+1"]
[EndTime "15:41:11 PST"]
[Termination "otrov-11 won by checkmate"]

1. e4 e6 2. d4 d5 3. Nc3 Bb4 4. e5 c5 5. a3 Bxc3+ 6. bxc3 Ne7 7.
Qg4 Qc7 8. Bd3 c4 9. Be2 Nf5 10. Qh3 Qa5 11. Bd2 Nc6 12. g4 Nfe7 13. a4 Bd7 14.
Nf3 O-O-O 15. O-O f6 16. exf6 gxf6 17. Rfb1 e5 18. Kh1 h5 19. Nh4 hxg4 20. Qg3 Rdg8 21. dxe5 fxe5 22. Rb5 Qd8 23. Rab1 b6 24. Bf1 Rh5 25.
a5 Nxa5 26. Rxa5 bxa5 27. Qe3 Nc6 28. Qc5 Qxh4 29. h3 g3 30. Qxd5 g2+ 31. Bxg2 Qxh3+ 32. Kg1 Qh1# 0-1

[Event "Late-Titled-Tuesday-Blitz-January-23-2024"]
[Site "Chess.com"]
[Date "2024.01.23"]
[Round "9"]
[White "ural58"]
[Black "RantomOpening"]
[Result "0-1"]
[WhiteElo "2464"]
[BlackElo "2549"]
[TimeControl "180+1"]
[EndTime "15:41:14 PST"]
[Termination "RantomOpening won by resignation"]

1. e4 c5 2. b3 e6 3. Nf3 a6 4. Bb2 Nc6 5. g3 Nf6 6. e5 Nd5 7. Bg2 d6 8. O-O dxe5 9. Nxe5 Nxe5 10. Bxe5 Nf6 11. Nc3 Bd6 12. f4 O-O 13. Qe2 Bxe5 14.
fxe5 Nd5 15. Ne4 Bd7 16. Nxc5 Bc6 17. c4 Nb4 18. Bxc6 Nxc6 19. Qe3 Nd4 20. Rac1 Nf5 21.
Qf2 Qc7 22. Rfe1 Rad8 23. Re2 Nd4 24. Re4 Qxc5 25. b4 Nf3+ 26. Kg2 Qxf2+ 27. Kxf2 Ng5 28. Re2 f6 29. exf6 Rxf6+ 30. Kg2 Nf3 31. c5 Rxd2 32.
Rxd2 Nxd2 33. c6 bxc6 34. Rxc6 e5 35. Rc5 e4 36. a4 e3 37. Re5 Nc4 38. Re4 Rf2+ 39.
Kh3 Rc2 40. b5 axb5 41. axb5 e2 42. Kg4 Nd6 43. Re5 Nxb5 44. Kf3 Nd4+ 45. Kf2 e1=Q+ 46.
Kxe1 Nf3+ 47. Kd1 Rd2+ 48. Kc1 Nxe5 49. Kxd2 Nf3+ 0-1

[Event "Late-Titled-Tuesday-Blitz-January-23-2024"]
[Site "Chess.com"]
[Date "2024.01.23"]
[Round "9"]
[White "Chessdreamer2020"]
[Black "Teidi96"]
[Result "0-1"]
[WhiteElo "2527"]
[BlackElo "2434"]
[TimeControl "180+1"]
[EndTime "15:41:14 PST"]
[Termination "Teidi96 won by resignation"]

1. e4 Nf6 2. Nc3 d5 3. e5 Nfd7 4. d4 c5 5. Nxd5 cxd4 6. e6 fxe6 7. Nf4 Nf6 8. Nf3 Nc6 9. Bb5 Qa5+ 10. c3 Qxb5 11.
cxd4 e5 12. dxe5 Nxe5 13. Nd4 Qb4+ 14. Kf1 Bd7 15. Be3 Nc4 16. Qf3 e5 17. Nfe6 Bxe6 18.
Nxe6 Nxe3+ 19. Kg1 Ned5 20. Rd1 Qd6 21. Ng5 Be7 22. Ne4 Nxe4 23. Qxe4 Rd8 24. h4 O-O 25. Rh3 Qc5 26. Rf3 Nf6 27. Qe2 Rxd1+ 28. Qxd1 Ne4 29. Qb3+ Kh8 30. Rxf8+ Bxf8 31. Qf7 Qxf2+ 32. Qxf2 Nxf2 33. Kxf2 Kg8 34. Ke3 Kf7 35. Ke4 Ke6 36. g4 g6 37.
b3 h5 38. gxh5 gxh5 39. a4 Be7 40. Kf3 Bxh4 0-1

[Event "Late-Titled-Tuesday-Blitz-January-23-2024"]
[Site "Chess.com"]
[Date "2024.01.23"]
[Round "9"]
[White "BeanScreen"]
[Black "StankovicIvan"]
[Result "1-0"]
[WhiteElo "2732"]
[BlackElo "2557"]
[TimeControl "180+1"]
[EndTime "15:41:18 PST"]
[Termination "BeanScreen won by resignation"]

1. e4 c5 2. c3 d5 3. exd5 Qxd5 4. d4 Nc6 5. Nf3 Bg4 6. dxc5 Qxd1+ 7. Kxd1 e5 8. b4 e4 9. h3 O-O-O+ 10. Nd2 Bxf3+ 11. gxf3 exf3 12. Kc2 Nf6 13. Nxf3 g6 14. Bc4 Ne4 15. Bxf7 Bg7 16. Bf4 Rdf8 17. Be6+ Kd8 18. Bg5+ Kc7 19.
Rhe1 Rxf3 20. Rxe4 Rxc3+ 21. Kd2 Nxb4 22. Rxb4 Re8 23.
Re1 Rxc5 24. Bf4+ Kc6 25. Rb3 g5 26. Rd3 Kb6 27. Be3 Bc3+ 28. Rxc3 1-0

[Event "Late-Titled-Tuesday-Blitz-January-23-2024"]
[Site "Chess.com"]
[Date "2024.01.23"]
[Round "9"]
[White "rhungaski"]
[Black "TheAlienParty"]
[Result "0-1"]
[WhiteElo "2503"]
[BlackElo "2388"]
[TimeControl "180+1"]
[EndTime "15:41:18 PST"]
[Termination "TheAlienParty won on time"]

1. e4 e5 2. Nf3 Nc6 3. d4 exd4 4. Nxd4 Bc5 5. Be3 Qf6 6. Nb5 Bxe3 7. fxe3 Qe5 8. Nd2 Kd8 9. Nc3 Nf6 10. a4 d6 11.
Bb5 Bg4 12. Nf3 Qc5 13. Qd2 Re8 14. O-O-O Nxe4 15. Nxe4 Rxe4 16. Bxc6 bxc6 17. Rhe1 Rb8 18. Nd4 Bxd1 19. Rxd1 Ke8 20. b3 Qa3+ 21. Kb1 Qxa4 22.
Qd3 Re5 23. Qxh7 Ra5 24. Qg8+ Ke7 25. Nxc6+ Qxc6 26. Qxb8 Rc5 0-1

[Event "Late-Titled-Tuesday-Blitz-January-23-2024"]
[Site "Chess.com"]
[Date "2024.01.23"]
[Round "9"]
[White "Sjakkerntobi"]
[Black "JoakimVonAnd"]
[Result "0-1"]
[WhiteElo "2509"]
[BlackElo "2632"]
[TimeControl "180+1"]
[EndTime "15:41:27 PST"]
[Termination "JoakimVonAnd won by checkmate"]

1. e4 c6 2. Nc3 d5 3. Nf3 Nf6 4. e5 Ne4 5. Ne2 Qb6 6. d4 e6 7.
Ng3 c5 8. Bd3 Nxg3 9. fxg3 Nc6 10. a3 h6 11. O-O Bd7 12. g4 O-O-O 13. dxc5 Bxc5+ 14. Kh1 f6 15. b4 Be7 16. Bb2 Rhf8 17. Qe2 Kb8 18. c4 Bc8 19. c5 Qc7 20. Rfc1 fxe5 21. Nxe5 Bf6 22. Nxc6+ bxc6 23. b5 e5 24. bxc6 e4 25. Ba6 Qxc6 26. Bxc8 Rxc8 27. Rab1 Ka8 28. a4 d4 29. Qc4 d3 30. Ba3 d2 31. Rd1 e3 32. Rb6 axb6 33. Qa6+ Kb8 34. cxb6 Rf7 35.
Qd3 Be7 36. Bb2 Rf2 37. Be5+ Kb7 38. a5 Qxg2# 0-1

[Event "Late-Titled-Tuesday-Blitz-January-23-2024"]
[Site "Chess.com"]
[Date "2024.01.23"]
[Round "9"]
[White "LyonBeast"]
[Black "Grischuk"]
[Result "0-1"]
[WhiteElo "3166"]
[BlackElo "3090"]
[TimeControl "180+1"]
[EndTime "15:41:28 PST"]
[Termination "Grischuk won by resignation"]

1. e4 e5 2. Nf3 Nc6 3. Bc4 Bc5 4. c3 Nf6 5. d3 d6 6. O-O a6 7. a4 Ba7 8. Nbd2 O-O 9. h3 h6 10. Re1 Be6 11. Bxe6 fxe6 12. Nf1 a5 13. Be3 Bxe3 14.
Rxe3 d5 15. exd5 Nxd5 16. Re4 Nf4 17. d4 Qd5 18. Ng3 Rad8 19. Kh2 exd4 20. cxd4 e5 21. Qc1 Nh5 22. Rg4 Nf6 23. Rg6 Kh7 24. Qc2 exd4 25. Nf5 d3 26. Rxg7+ Kh8 27. Qd2 Qxf5 28. Qxh6+ Nh7 29.
Ng5 Qe5+ 0-1